 Dungeon Crawl Stone Soup version 0.21-a0-200-gb89f83b (webtiles) character file.

742 imagoof the Chopper (level 7, 0/56 HPs)
             Began as a Mummy Wanderer on Aug 16, 2017.
             Slain by a big kobold
             ... wielding a +0 short sword
              (6 damage)
             ... on level 5 of the Dungeon.
             The game lasted 00:10:21 (7655 turns).

imagoof the Chopper (Mummy Wanderer)                Turns: 7655, Time: 00:10:21

Health: 0/56       AC:  5    Str: 16    XL:     7   Next: 47%
Magic:  7/7        EV: 10    Int: 12    God:
Gold:   73         SH:  0    Dex: 12    Spells: 6/6 levels left

rFire    x . .     SeeInvis .   a - +2 hand axe
rCold    + . .     Gourm    .   (no shield)
rNeg     + + +     Faith    .   m - +0 ring mail
rPois    ∞         Spirit   .   (no helmet)
rElec    .         Reflect  .   (no cloak)
rCorr    .         Harm     .   (no gloves)
MR       .....                  (no boots)
Stlth    +.........             (no amulet)
HPRegen  0.18/turn              (no ring)
MPRegen  0.10/turn              (no ring)

@: no status effects
A: no food or potions, fire vulnerability, cold resistance 1, negative energy
resistance 3, torment resistance, unbreathing
a: no special abilities


You were on level 5 of the Dungeon.
You were not hungry.

You visited 1 branch of the dungeon, and saw 6 of its levels.

You collected 274 gold pieces.
You spent 201 gold pieces at shops.

Inventory:

Hand Weapons
 a - a +2 hand axe (weapon)
 b - a +0 shortbow
Missiles
 c - 81 arrows
 f - 95 stones
 o - 6 steel javelins (quivered)
Armour
 e - a +0 robe
 h - a +0 leather armour
 m - a +0 ring mail (worn)
Wands
 d - a wand of digging (2/24)
 p - a wand of confusion (16/48)
Scrolls
 g - a scroll of remove curse
 i - a scroll of fear
 j - a scroll of blinking {unknown}
 k - a scroll of enchant weapon
 l - a scroll of magic mapping {unknown}
 n - a scroll of recharging {unknown}
 q - 2 scrolls of identify


   Skills:
 - Level 5.0 Fighting
 + Level 6.2 Axes
 - Level 1.0 Throwing
 + Level 3.4 Armour
 - Level 1.0 Evocations


You had 6 spell levels left.
You didn't know any spells.

Dungeon Overview and Level Annotations

Branches:
Dungeon (6/15)
 Temple: D:4-7

Altars:

Shops:
D:5 (

Annotations:
D:3 Sigmund; nikopol's ghost, amateur DEFE


Innate Abilities, Weirdness & Mutations

You do not eat or drink.
Your flesh is vulnerable to fire.
You are immune to poison.
Your flesh is cold resistant. (rC+)
You are immune to negative energy. (rN+++)
You are immune to unholy pain and torment.
You can survive without breathing.


Message History

Unknown command.
You hit the big kobold.
The big kobold is heavily wounded.
The big kobold hits you with a short sword!
* * * LOW HITPOINT WARNING * * *
The kobold barely misses you.
You hit the big kobold.
The big kobold is severely wounded.
The big kobold misses you.
Unknown command.
You slash the big kobold!
The big kobold is almost dead.
The kobold completely misses you.
The big kobold hits you with a short sword.
* * * LOW HITPOINT WARNING * * *
Unknown command.
You barely miss the big kobold.
The big kobold is almost dead.
The big kobold hits you with a short sword.
You die...

##..)#...........
##...((........#
#...##.....)..#
##.#####.....))
##.## ######.< ##..#
##. ## ###..%# ##
...# ####)(...# #
.....####....@...# #
#...........)K)..#
#...........K...#
#..............#
#......$......#
.####....<.....%...
.................##.
..####.........##
#.........#


You could see a big kobold and a kobold.

Vanquished Creatures
  An ice beast (D:5)
  2 phantoms
  A howler monkey (D:4)
  A hound (D:5)
  A jelly (D:5)
  An orc wizard (D:4)
  An orc priest (D:5)
  A bullfrog skeleton (D:5)
  An iguana (D:4)
  A worker ant (D:5)
  A hound zombie (D:5)
  Robin (D:4)
  3 gnolls (D:3)
  7 adders
  4 worms
  2 dart slugs
  3 leopard geckos
  6 orcs
  A ball python (D:2)
  4 giant cockroaches
  13 goblins
  12 hobgoblins
  13 jackals
  8 kobolds
  A quokka (D:2)
  4 bats
  5 frilled lizards
  7 rats
106 creatures vanquished.

Notes
Turn   | Place    | Note
-------+----------+-------------------------------------------
     0 | D:1      | imagoof the Mummy Wanderer began the quest for the Orb.
     0 | D:1      | imagoof set off with: a +2 hand axe, a +0 shortbow, 25 arrows, a scroll of teleportation, a +0 robe
     0 | D:1      | Reached XP level 1. HP: 21/21 MP: 1/1
   115 | D:1      | Reached skill level 2 in Axes
   298 | D:1      | Reached XP level 2. HP: 20/27 MP: 2/2
  1591 | D:2      | Reached skill level 3 in Axes
  1591 | D:2      | Reached XP level 3. HP: 16/33 MP: 3/3
  2228 | D:2      | Reached XP level 4. HP: 32/39 MP: 4/4
  2729 | D:2      | Reached skill level 4 in Axes
  3278 | D:3      | Reached XP level 5. HP: 18/44 MP: 5/5
  3736 | D:3      | Noticed nikopol's ghost (amateur DEFE)
  3828 | D:3      | Noticed Sigmund
  3877 | D:4      | Noticed a phantom
  3914 | D:5      | Entered Level 5 of the Dungeon
  4919 | D:4      | Reached skill level 5 in Axes
  4932 | D:4      | Noticed Robin
  5143 | D:5      | Noticed a phantom
  5246 | D:4      | Killed Robin
  5465 | D:4      | Reached XP level 6. HP: 37/51 MP: 6/6
  6071 | D:5      | HP: 2/51 [acid (8)]
  6662 | D:5      | Reached XP level 7. HP: 19/56 MP: 7/7
  7062 | D:5      | Found Gedegugg's Weapon Shop.
  7070 | D:5      | Bought 6 steel javelins for 201 gold pieces
  7201 | D:5      | Reached skill level 6 in Axes
  7655 | D:5      | Slain by a big kobold

Vault maps used:
D:1:      lightli_arrival_noodles
D:3:      tgw_trog, lemuel_coloured_pillars_altar, kennysheep_generic_room_8,
          uniq_terence, uniq_sigmund, uniq_grinder
D:4:      uniq_robin
D:5:      minmay_temple_entry_from_below_a, basic_altar, serial_shops, shop,
          first_bread, palyth_stone_intersect, uniq_edmund
D:6:      old_standard_altar, serial_shops, kennysheep_little_box, uniq_duvessa

Skill      XL: |  1  2  3  4  5  6  7 |
---------------+----------------------+-----
Axes           | 2 3 4 5 6 |  6.2
Armour         | 2 3 |  3.4
Fighting       | |  5.0
Throwing       | |  1.0
Evocations     | |  1.0

Action                   |  1- 3 |  4- 6 |  7- 9 || total
-------------------------+-------+-------+-------++-------
Melee: Hand axe          |   131 |   251 |    64 ||   446
 Fire: Shortbow          |       |     3 |       ||     3
  Use: Scroll            |     1 |     7 |     1 ||     9
Armor: Robe              |    28 |     3 |       ||    31
       Leather armour    |       |    12 |       ||    12
       Ring mail         |       |    45 |    21 ||    66
Dodge: Dodged            |   106 |   131 |    35 ||   272
